 Dungeon Crawl Stone Soup version 0.17-a0-1139-g49cbdf8 (console) character file.

1837 Monkaria the Carver (level 8, 0/60 HPs)
             Began as a Demonspawn Chaos Knight on May 25, 2015.
             Slain by Duvessa
             ... wielding a +0 short sword
              (2 damage)
             ... on level 7 of the Dungeon on May 26, 2015.
             The game lasted 00:16:34 (5894 turns).

Monkaria the Carver (Demonspawn Chaos Knight)       Turns: 5894, Time: 00:16:34

Health: 0/60       AC:  4    Str: 23    XL:     8   Next: 87%
Magic:  0/8        EV: 11    Int: 11    God:    Xom [...*..]
Gold:   371        SH:  0    Dex: 12    Spells: 0 memorised, 7 levels left

rFire  + . .     SeeInvis .     a - +0 falchion (chaos)
rCold  . . .     Clarity  .     b - +2 leather armour
rNeg   . . .     SustAt   .     (no shield)
rPois  .         Gourm    .     (no helmet)
rElec  .         Spirit   +     (no cloak)
rCorr  .         Warding  .     z - +0 pair of gloves
rMut   .         Stasis   .     (boots unavailable)
MR     .....                    p - amulet of regeneration
Stlth  +.........               E - +5 ring of strength
                                g - ring of teleport control

@: starving, not resistant to hostile enchantments, very unstealthy
A: hooves 3, blurry vision 1, deformed body, demonic guardian 1, dopey 1, fire
resistance 1, sense surroundings 1, slow healing 1, strong 1, magic shield,
magic regeneration, magic link
a: Renounce Religion, Evoke Teleport Control


You were on level 7 of the Dungeon.
You worshipped Xom.
You were a favourite toy of Xom.
You were starving.

You visited 2 branches of the dungeon, and saw 8 of its levels.

You collected 371 gold pieces.

Inventory:

Hand weapons
 a - a +0 falchion of chaos (weapon)
Missiles
 w - 2 throwing nets (quivered)
Armour
 b - a +2 leather armour (worn)
 z - a +0 pair of gloves (worn)
 P - a +0 buckler of positive energy
Magical staves
 s - an uncursed staff of earth
Rods
 F - a +4 rod of the swarm (10/10)
   (Xom gifted it to you on level 4 of the Dungeon)
Jewellery
 g - a ring of teleport control (left hand)
 p - an amulet of regeneration (around neck)
 E - a +5 ring of strength (right hand)
 S - an uncursed ring of magical power
Magical devices
 O - a wand of lightning (5)
 Q - a wand of flame (17)
Scrolls
 e - 3 scrolls of teleportation {unknown}
 k - 2 scrolls of recharging {unknown}
 l - 5 scrolls of magic mapping {unknown}
 n - 3 scrolls of fear {unknown}
 o - a scroll of vulnerability {unknown}
 q - a scroll of blinking {unknown}
 r - 2 scrolls of remove curse {unknown}
 v - 3 scrolls of enchant weapon {unknown}
 y - a scroll of amnesia {unknown}
 B - 2 scrolls of immolation {unknown}
 D - a scroll of noise {unknown}
 G - 2 scrolls of enchant armour {unknown}
 R - a scroll of random uselessness {unknown}
Potions
 d - 2 potions of beneficial mutation
 i - 3 potions of curing
 j - a potion of might
 m - a potion of mutation
 x - a potion of resistance
 H - a potion of cancellation
 I - a potion of haste
 J - 2 potions of magic {unknown}
 K - a potion of brilliance {unknown}
 L - a potion of invisibility {unknown}
 N - a potion of degeneration {unknown}
Comestibles
 c - 8 bread rations
 h - 6 meat rations
 u - a slice of pizza
 A - 4 fruits
 C - 2 royal jellies
 M - 6 beef jerkies


   Skills:
 - Level 4.0 Fighting
 + Level 10.5 Long Blades
 - Level 1.7 Armour
 - Level 0.8 Dodging


You had 7 spell levels left.
You didn't know any spells.

Dungeon Overview and Level Annotations

Branches:
Dungeon (7/15)             Temple (1/1) D:5

Altars:
Ashenzari
Cheibriados
Dithmenos
Fedhas
Gozag
Nemelex Xobeh
Okawaru
Qazlal
Ru
Trog
Vehumet
Xom
Yredelemnul
Zin
The Shining One

Annotations:
D:7 Duvessa


Innate Abilities, Weirdness & Mutations

You have hooves in place of feet.
A weak demonic guardian rushes to your aid.
When hurt, damage is shared between your health and your magic reserves.
You regenerate magic rapidly.
When low on magic, you restore magic in place of health.
Scrolls take you a little longer to read.
Armour fits poorly on your strangely shaped body.
You are dopey. (Int -2)
Your flesh is heat resistant.
You passively map a small area around you.
You heal slowly when monsters are visible.
Your muscles are strong. (Str +2)


Message History

You miss something. Something hits you but does no damage.
You barely miss something. Something hits you but does no damage.
Something hits you!
You barely miss something. You kick something. Something hits you!
* * * LOW HITPOINT WARNING * * *
You hit something but do no damage. Your kick misses something.
Something hits you.
* * * LOW HITPOINT WARNING * * *
You hit something. You kick something. Something hits you.
* * * LOW HITPOINT WARNING * * *
Drink which item? (? for menu, Esc to quit)
You feel much better. Something hits you.
* * * LOW HITPOINT WARNING * * *
You hit something. You kick something. Something hits you!
* * * LOW HITPOINT WARNING * * *
You closely miss something. Your kick misses something. Something hits you!
* * * LOW HITPOINT WARNING * * *
You closely miss something. Something hits you.
You die... "It's all fun and games until someone loses an eye."

#.## #.). #÷§.
#÷.. ##### ####
* .....########
#
............##
# ,
......{......##
# ,
*#..)@?.....##
# **
####........#
#######..##
##..## * ##..##
##..### ##...##
##...###
##.....


There were no monsters in sight!

Vanquished Creatures
  Joseph (D:7)
  A black bear (D:7)
  2 sky beasts
  An ice beast (D:7)
  2 centaurs
  An ogre (D:7)
  3 giant frogs (D:6)
  Dowan (D:7)
  A centaur zombie (D:5)
  3 crimson imps (D:7)
  A jelly (D:7)
  2 quasits
  3 hounds
  An orc wizard (D:5)
  3 worker ants
  A hound skeleton (D:4)
  5 adders
  A shadow imp (D:5)
  An ooze (D:5)
  2 adder zombies
  3 worms
  3 giant geckos
  6 orcs
  2 ball pythons
  15 bats
  A bat zombie (D:7)
  9 goblins
  5 hobgoblins
  6 jackals
  13 kobolds
  3 quokkas
  5 giant cockroaches
  6 giant newts
  A quokka skeleton (D:5)
  13 rats
  A spectral orc (D:7)
128 creatures vanquished.

Vanquished Creatures (collateral kills)
  The ghost of tyrsky the Ruffian, an average MiMo (D:4)
  A sky beast (D:6)
  A scorpion (D:4)
  A giant frog zombie (D:5)
  2 adders (D:3)
  2 giant geckos
  An orc (D:4)
  A goblin (D:3)
10 creatures vanquished.

Vanquished Creatures (others)
  A crimson imp (D:6)
  3 quasits
  3 iron imps
  3 white imps
  3 ufetubi
13 creatures vanquished.

Grand Total: 151 creatures vanquished

Notes
Turn   | Place    | Note
--------------------------------------------------------------
     0 | D:1      | Monkaria the Demonspawn Chaos Knight began the quest for the Orb.
     0 | D:1      | Reached XP level 1. HP: 18/18 MP: 1/1
   113 | D:1      | Gained mutation: When hurt, damage is shared between your health and your magic reserves. [demonic ancestry]
   113 | D:1      | Reached XP level 2. HP: 20/24 MP: 2/2
   114 | D:1      | Upgraded the game from 0.17-a0-1132-g5dd4065 to 0.17-a0-1139-g49cbdf8
   658 | D:1      | XOM: colour smoke trail
   699 | D:2      | Reached skill level 4 in Fighting
   961 | D:2      | XOM: medium Chrm miscast
   983 | D:2      | Gained mutation: A weak demonic guardian rushes to your aid. [demonic ancestry]
   983 | D:2      | Reached XP level 3. HP: 30/30 MP: 3/3
  1390 | D:2      | XOM: medium Fire miscast
  1435 | D:2      | XOM: colour smoke trail
  1632 | D:3      | Reached XP level 4. HP: 25/37 MP: 2/4
  1736 | D:3      | Noticed a sky beast
  1742 | D:3      | XOM: enchant monster (bad)
  1772 | D:3      | Killed a sky beast
  1772 | D:3      | Reached XP level 5. HP: 21/42 MP: 1/5
  1784 | D:3      | Gained mutation: Armour fits poorly on your strangely shaped body. [mutagenic meat]
  1785 | D:3      | Gained mutation: You are weak. (Str -2) [mutagenic meat]
  1786 | D:3      | Lost mutation: You are weak. (Str -2) [mutagenic meat]
  1787 | D:3      | Gained mutation: You have a pair of small antennae on your head. [mutagenic meat]
  1788 | D:3      | Gained mutation: You have large cloven feet. [mutagenic meat]
  2128 | D:4      | XOM: god gift: scroll labeled SIS PYSUKARAK
  2163 | D:4      | Found an opulent altar of Gozag.
  2231 | D:4      | Found a sparkling altar of Nemelex Xobeh.
  2257 | D:4      | Noticed tyrsky's ghost (average MiMo)
  2262 | D:4      | XOM: enchant monster (good)
  2275 | D:4      | Killed tyrsky's ghost
  2275 | D:4      | Reached skill level 5 in Long Blades
  2275 | D:4      | Gained mutation: You have hoof-like feet. [demonic ancestry]
  2275 | D:4      | Reached XP level 6. HP: 19/48 MP: 3/6
  2387 | D:4      | XOM: smoke on damage
  2436 | D:4      | Found a blossoming altar of Fedhas.
  2437 | D:4      | XOM: summons 6 friendly demons
  2442 | D:4      | Reached skill level 6 in Long Blades
  2594 | D:4      | XOM: god gift: crooked jewelled rod {god gift}
  2596 | D:4      | Identified a +4 rod of the swarm (10/10) (Xom gifted it to you on level 4 of the Dungeon)
  2654 | D:5      | Entered Level 5 of the Dungeon
  2706 | D:5      | Found a staircase to the Ecumenical Temple.
  2718 | Temple   | Entered the Ecumenical Temple
  2988 | D:5      | XOM: 4-stop teleportation journey
  3462 | D:5      | Gained mutation: You regenerate magic rapidly. [demonic ancestry]
  3462 | D:5      | Reached XP level 7. HP: 38/54 MP: 4/7
  3666 | D:5      | Reached skill level 7 in Long Blades
  3679 | D:5      | XOM: give mutations
  3679 | D:5      | Gained mutation: You have hooves in place of feet. [Xom's grace]
  3679 | D:5      | Gained mutation: You passively map a small area around you. [Xom's grace]
  3679 | D:5      | Gained mutation: Your flesh is heat resistant. [Xom's grace]
  3679 | D:5      | Gained mutation: You can spit weak poison. [Xom's grace]
  3761 | D:5      | XOM: scenery: 1 doors close
  3858 | D:6      | XOM: summons 3 friendly demons
  3961 | D:6      | XOM: scenery: 1 doors open
  4020 | D:6      | Reached skill level 8 in Long Blades
  4032 | D:6      | Gained mutation: You are robust (+10% HP). [mutagenic meat]
  4033 | D:6      | Gained mutation: You heal slowly when monsters are visible. [mutagenic meat]
  4034 | D:6      | Gained mutation: Scrolls take you a little longer to read. [mutagenic meat]
  4036 | D:6      | Lost mutation: You can spit weak poison. [mutagenic meat]
  4037 | D:6      | Lost mutation: You are robust (+10% HP). [mutagenic meat]
  4139 | D:6      | Gained mutation: When low on magic, you restore magic in place of health. [demonic ancestry]
  4139 | D:6      | Reached XP level 8. HP: 33/60 MP: 5/8
  4146 | D:6      | Gained mutation: You are dopey. (Int -2) [mutagenic meat]
  4149 | D:6      | Gained mutation: You are very dopey. (Int -4) [mutagenic meat]
  4150 | D:6      | Lost mutation: You have a pair of small antennae on your head. [mutagenic meat]
  4172 | D:6      | XOM: god gift: runed buckler {god gift}
  4324 | D:6      | XOM: god gift: 29 stones
  4418 | D:7      | Found a basalt altar of Yredelemnul.
  4515 | D:7      | XOM: fake destruction
  4518 | D:7      | Reached skill level 9 in Long Blades
  4525 | D:7      | XOM: polymorph iron imp -> quasit
  4728 | D:7      | XOM: give mutations
  4728 | D:7      | Gained mutation: Your muscles are strong. (Str +2) [Xom's grace]
  4728 | D:7      | Lost mutation: You are very dopey. (Int -4) [Xom's grace]
  4739 | D:7      | Noticed Joseph
  4782 | D:7      | Killed Joseph
  4782 | D:7      | Reached skill level 10 in Long Blades
  4872 | D:7      | XOM: vitrification
  5865 | D:7      | Noticed Dowan
  5866 | D:7      | Noticed Duvessa
  5872 | D:7      | Killed Dowan
  5890 | D:7      | HP: 3/60 [something (1)]
  5894 | D:7      | Slain by Duvessa

Vault maps used:
D:1:      dpeg_arrival_rhombi, nrook_loot_triangle, hangedman_decor_opposing
D:3:      kennysheep_generic_room_6
D:4:      lemuel_crystal_altar, lemuel_crystal_altar,
          nemelex_diamond_rough_becter
D:5:      minmay_temple_entry_overgrown, first_bread, serial_bayou_pond_a
D:7:      yredelemnul_forgotten_temple_becter, grunt_ogre_cave, uniq_joseph,
          uniq_duvessa
Temple:   triangle_lava_temple_12

Action                   |  1- 3 |  4- 6 |  7- 9 || total
-------------------------+-------+-------+-------++-------
Melee: Falchion          |   117 |   199 |   203 ||   519
  Use: Potion            |       |     1 |     5 ||     6
       Scroll            |       |       |     7 ||     7
 Stab: Distracted        |     1 |       |     1 ||     2
       Paralysed         |       |     9 |       ||     9
       Confused          |       |       |     1 ||     1
  Eat: Chunk             |     2 |    13 |    18 ||    33
